Map: Acid Plant LE

Players

ILIEKEGGPIE - Winner!

  • Race: Protoss Protoss
  • Spawn Location: 11:00

Fire

  • Race: Zerg Zerg
  • League: Platinum
  • Spawn Location: 5:00

VOD

Have the link to the VOD?

Description

Time

  • Played on: April 3, 2018, 3:58 p.m.
  • Length: 16:47
Show
View Real Time Build Order
Export as new Build Order

ILIEKEGGPIE Protoss - Winner!

Build Orders:  

Get SALT Encoding   

  12  0:00  Probe  
  13  0:13  Probe  
  14  0:23  Pylon  
  14  0:27  Probe  
  15  0:41  Probe  
  16  0:47  Forge  
  16  0:54  Probe  
  17  0:57  Gateway  
  17  1:06  Assimilator  
  17  1:09  Probe  
  18  1:23  Gateway  
  18  1:25  Pylon  
  18  1:27  Probe  
  19  1:39  Probe  
  20  1:49  Pylon  
  20  1:52  Probe  
  21  2:05  Photon Cannon  
  21  2:09  Photon Cannon  
  21  2:10  Probe  
  22  2:16  Cybernetics Core  
  22  2:22  Probe  
  23  2:28  Assimilator  
  22  2:37  Probe  
  22  2:41  Zealot (Chrono Boost)  
  25  2:55  Warp Gate (Chrono Boost)  
  25  2:59  Pylon  
  25  3:08  Nexus  
  25  3:13  Probe (Chrono Boost)  
  26  3:22  Probe (Chrono Boost)  
  26  3:26  Pylon  
  27  3:27  Probe (Chrono Boost)  
  27  3:28  Stalker  
  30  3:41  Assimilator  
  30  3:44  Probe  
  31  3:52  Stargate  
  31  3:56  Probe  
  31  4:01  Assimilator  
  32  4:08  Probe  
  33  4:10  Pylon  
  33  4:20  Probe  
  34  4:30  Probe (Chrono Boost)  
  35  4:38  Probe (Chrono Boost)  
  36  4:39  Void Ray  
  36  4:42  Probe (Chrono Boost)  
  42  4:47  Probe x2 (Chrono Boost)  
  43  4:57  Probe (Chrono Boost)  
  45  5:02  Probe (Chrono Boost)  
  45  5:03  Pylon  
  45  5:04  Probe (Chrono Boost)  
  46  5:07  Protoss Ground Weapons Level 1 (Chrono Boost)  
  46  5:12  Probe  
  46  5:13  Probe  
  48  5:19  Void Ray (Chrono Boost)  
  52  5:35  Stargate  
  52  5:38  Pylon  
  52  5:39  Probe x2  
  54  5:44  Gateway  
  54  5:46  Gateway  
  54  5:49  Gateway, Pylon  
  54  6:18  Void Ray (Chrono Boost)  
  62  6:28  Void Ray (Chrono Boost)  
  62  6:29  Nexus  
  62  6:32  Pylon  
  62  6:35  Pylon  
  62  6:53  Pylon  
  62  6:54  Pylon  
  62  6:58  Photon Cannon  
  62  7:00  Gateway  
  66  7:02  Gateway, Void Ray (Chrono Boost), Protoss Ground Armor Level 1 (Chrono Boost)  
  66  7:09  Pylon  
  66  7:15  Stalker  
  66  7:16  Stalker x4  
  76  7:27  Probe x2  
  76  7:28  Assimilator  
  78  7:35  Void Ray (Chrono Boost)  
  78  7:37  Assimilator  
  78  7:38  Photon Cannon  
  78  7:39  Probe  
  78  7:40  Probe  
  84  7:51  Probe  
  84  7:53  Twilight Council  
  84  7:54  Probe  
  86  8:03  Probe  
  91  8:30  Probe (Chrono Boost)  
  91  8:31  Charge (Chrono Boost)  
  91  8:32  Void Ray (Chrono Boost)  
  91  8:34  Probe x2 (Chrono Boost)  
  94  8:41  Probe (Chrono Boost)  
  95  8:44  Probe x2 (Chrono Boost)  
  97  8:48  Zealot x3  
  97  8:49  Sentry x2  
  97  8:53  Probe (Chrono Boost)  
  110  8:59  Probe (Chrono Boost)  
  110  9:00  Probe (Chrono Boost)  
  111  9:03  Probe (Chrono Boost)  
  111  9:08  Void Ray  
  115  9:13  Stalker x2  
  119  9:17  Probe x3  
  119  9:23  Pylon  
  122  9:25  Pylon  
  122  9:27  Twilight Council  
  122  9:30  Pylon  
  122  9:35  Probe (Chrono Boost)  
  122  9:37  Robotics Facility  
  125  9:40  Probe (Chrono Boost)  
  125  9:41  Probe (Chrono Boost)  
  125  9:49  Probe x2 (Chrono Boost)  
  127  9:57  Nexus  
  127  10:00  Pylon  
  127  10:01  Pylon  
  127  10:08  Protoss Ground Weapons Level 2 (Chrono Boost)  
  127  10:10  Robotics Facility  
  127  10:23  Blink (Chrono Boost)  
  123  10:35  Robotics Bay  
  123  10:36  Zealot x3  
  115  11:23  Extended Thermal Lance (Chrono Boost)  
  105  11:30  Colossus x2 (Chrono Boost)  
  111  11:41  Assimilator  
  111  11:44  Pylon  
  111  11:46  Assimilator  
  111  11:47  Void Ray x2 (Chrono Boost)  
  111  11:48  Pylon  
  119  11:55  Zealot  
  119  11:56  Zealot x5  
  131  12:13  Protoss Ground Armor Level 2 (Chrono Boost)  
  131  12:21  Stalker x2  
  131  12:22  Stalker x4  
  149  12:23  Colossus (Chrono Boost)  
  149  12:26  Observer (Chrono Boost)  
  150  12:42  Forge  
  150  12:56  Stalker x2  
  150  12:57  Stalker, Sentry x3  
  162  12:58  Zealot  
  164  13:12  Colossus x2  
  154  13:54  Stalker x4  
  154  13:55  Stalker  
  146  13:56  Zealot x2  
  136  14:06  Oracle x2 (Chrono Boost), Observer x2  
  144  14:19  Gateway  
  144  14:20  Gateway x2  
  144  14:21  Gateway x2  
  144  14:28  Observer  
  145  14:36  Oracle  
  142  15:15  Stalker x3  
  142  15:16  Stalker x4  
  156  15:39  Colossus x2  
  162  15:44  Stalker  
  162  15:45  Stalker x4  
  162  15:46  Stalker x2  
  176  15:58  Assimilator  
  176  15:59  Nexus, Probe (Chrono Boost)  
  176  16:00  Assimilator  
  176  16:01  Pylon  
  176  16:02  Pylon  
  176  16:04  Zealot, Probe x3 (Chrono Boost)  
  180  16:05  Zealot x4  
  191  16:12  Probe (Chrono Boost)  
Show
View Real Time Build Order
Export as new Build Order

Fire Zerg 

Build Orders: Hatch First 

Get SALT Encoding   

  12  0:01  Drone  
  13  0:12  Overlord  
  13  0:18  Drone  
  14  0:34  Drone x2  
  16  0:39  Drone  
  17  0:53  Hatchery  
  16  1:02  Drone x2  
  18  1:16  Spawning Pool  
  17  1:18  Extractor  
  17  1:22  Drone x2  
  18  1:32  Drone  
  19  1:43  Overlord  
  19  2:08  Zergling x4  
  19  2:09  Zergling x2  
  22  2:19  Zergling x2  
  22  2:20  Spine Crawler, Zergling x2  
  23  2:24  Spine Crawler  
  22  2:52  Queen x2  
  22  2:54  Drone  
  22  2:55  Drone x5  
  31  3:16  Extractor  
  28  3:50  Drone x5  
  28  3:51  Drone  
  34  4:15  Hatchery, Metabolic Boost  
  33  4:21  Overlord  
  33  4:23  Overlord  
  33  4:27  Pneumatized Carapace  
  33  4:35  Evolution Chamber  
  33  4:38  Evolution Chamber  
  31  4:39  Queen  
  31  4:43  Drone  
  31  4:44  Drone x3  
  31  4:45  Drone  
  38  4:57  Overlord  
  38  4:58  Overlord  
  38  4:59  Overlord  
  38  5:01  Drone  
  38  5:02  Drone x3  
  38  5:06  Zerg Melee Weapons Level 1  
  42  5:12  Spore Crawler  
  41  5:14  Spore Crawler  
  40  5:22  Zerg Ground Armor Level 1  
  40  5:23  Drone x2  
  42  5:31  Drone x3  
  42  5:32  Drone  
  42  5:33  Drone  
  47  5:40  Drone  
  47  5:41  Drone x2  
  50  5:47  Queen  
  50  5:49  Drone  
  52  6:01  Extractor  
  52  6:03  Drone x5, Extractor  
  52  6:04  Drone x3  
  57  6:53  Lair  
  57  6:56  Queen  
  59  7:07  Drone x3  
  59  7:08  Drone x2  
  64  7:09  Drone  
  64  7:11  Drone  
  66  7:17  Spore Crawler  
  66  7:21  Spore Crawler  
  64  7:25  Spore Crawler  
  63  7:49  Baneling Nest, Zergling x4  
  63  7:50  Hatchery, Zergling x6  
  66  7:51  Overlord  
  66  7:52  Overlord x6  
  66  8:01  Spore Crawler  
  65  8:17  Hydralisk Den  
  64  8:33  Spire  
  63  8:37  Spore Crawler  
  62  8:41  Evolution Chamber  
  62  8:45  Evolution Chamber  
  62  8:47  Hydralisk x6  
  62  8:48  Hydralisk x3  
  72  8:52  Grooved Spines  
  76  9:10  Hydralisk x2  
  76  9:11  Hydralisk x5  
  76  9:12  Hydralisk  
  92  9:18  Zerg Ground Armor Level 2, Zerg Missile Weapons Level 1  
  92  9:27  Hydralisk x5  
  92  9:28  Hydralisk x4  
  92  9:30  Zergling x2  
  111  9:36  Drone x2  
  113  9:50  Corruptor x2  
  117  9:56  Overlord x6  
  117  9:57  Hatchery  
  116  10:07  Muscular Augments  
  113  10:45  Drone x5  
  113  10:46  Drone x5  
  113  10:47  Queen  
  113  10:49  Queen x2  
  98  11:22  Hydralisk x3  
  98  11:23  Hydralisk x6, Zergling x2  
  98  11:24  Hydralisk x3  
  98  11:25  Zergling x4  
  99  11:33  Extractor  
  99  11:36  Extractor  
  97  11:46  Zerg Missile Weapons Level 2  
  97  11:47  Hydralisk  
  97  11:48  Hydralisk x5  
  97  11:49  Hydralisk x2  
  97  11:52  Queen x3  
  97  11:53  Queen  
  121  12:07  Drone x4  
  121  12:08  Drone x4  
  129  12:30  Hydralisk x2  
  129  12:31  Hydralisk x6  
  145  12:46  Hydralisk x5  
  145  12:47  Hydralisk x2  
  159  12:59  Infestation Pit  
  154  13:13  Zergling x6  
  154  13:14  Zergling x4  
  154  13:16  Overlord x4  
  159  13:30  Overlord x3  
  159  13:35  Baneling x2  
  159  13:36  Baneling x2  
  159  13:37  Baneling x2  
  159  13:38  Baneling x2  
  159  13:39  Baneling x2  
  87  13:56  Hydralisk x4, Zergling x2  
  87  13:57  Zergling x4  
  83  14:05  Queen x2, Hydralisk  
  83  14:06  Hydralisk x6  
  83  14:07  Hydralisk x3  
  107  14:16  Baneling x3  
  107  14:17  Baneling  
  107  14:29  Hive  
  105  14:42  Hydralisk x5  
  105  14:43  Hydralisk x3  
  105  14:44  Zergling x6  
  100  14:53  Corruptor x4  
  104  15:04  Baneling x2  
  104  15:05  Baneling x4  
  104  15:11  Zergling x4  
  104  15:12  Corruptor  
  104  15:16  Zergling x2  
  104  15:17  Zergling x12  
  111  15:21  Centrifical Hooks  
  111  15:39  Corruptor x2  
  111  15:40  Corruptor  
  117  15:46  Baneling  
  117  15:47  Baneling x2  
  117  15:50  Baneling  
  117  16:07  Hatchery  
Tags
 
League
Platinum
Matchup
PvZ
Replay Pack
Multi
Spawn Locations
Cross Positions
Add a new tag
Caveats
  • Supply blocks, unpowered buildings, or Contaminate may cause inaccurate times.
  • Supply counts are checked every 10 seconds.